← All builds
Geo sea / Cortex / Economy first / OBSERVED BUILD

Standard geo sea

Cortex Geo sea build order · Supreme Isthmus

The role's default economy-first opening: bot lab then shipyard in the cove, early frigate and destroyer with a sub, taking geo on time before transitioning into a mixed navy for the rest of the game.

Usually shipyard in the cove (98%)

#naval #eco · 1767 distinct matches · 190 players · 80% of Cortex Geo sea games · team won 53% of 2066 · Recently observed

HOW TO PLAY IT

Key timing: Bot Lab by 1:12, Shipyard by 3:17

  1. Open 3 mex into wind, then drop Bot Lab in cove.
  2. Finish Bot Lab, keep teching mex and wind.
  3. Get Shipyard up and start pumping subs and frigates.
  4. Eat the Bot Lab for metal once you have T1 units defending.
  5. Push out submarine, frigate, destroyer to contest sea.
  6. Bring geothermal online and transition toward T2 constructor.

Phase by phase

TYPICAL OF ITS 1767 GAMES
  1. 1
  2. 2
  3. 3
  4. 4
PLAY THE OPENING

Follow the example game's first 6:00 step by step: what to build now, what comes next, and where it goes. At 1× it keeps pace with your own game.

  1. 1

    Up to the Bot Lab

    Economy
    • Metal Extractor3Mex
    • Wind Turbine3Wind
    • Wind Turbine1Windfor allies
    Order
    1. Bot LabBot Lab after 3 mex, 3 winddone ~1:13, middle half 1:07–1:25

    By 0:55 in all: 3 mex · 3 wind

    The example game in this phase · 3 steps
    1. Mex ×3
    2. Wind ×4
    3. Bot LabBot Labdone 1:14 · typical 1:13
  2. 2

    Bot Lab to Shipyard

    Economy
    • Metal Extractor1Mex
    • Wind Turbine1Wind
    Order
    1. ShipyardShipyard after 4 mex, 5 wind, 1 energy storagedone ~3:18, middle half 3:02–3:36
    Builders
    • Construction Bot3 Con bot
    • Graverobber2 Graverobber
    Army
    • Grunt1 Grunt

    Some games also: con turret (46%) · trasher (39%) · energy storage (36%)

    By 2:52 in all: 4 mex · 5 wind · 1 energy storage

    The example game in this phase · 5 steps
    1. Construction BotCon bot
    2. GraverobberGraverobber ×2
    3. Mex
    4. Construction BotCon bot
    5. ShipyardShipyarddone 2:30 · typical 3:18
  3. 3

    Shipyard to 5:00

    Economy
    • Metal Extractor4Mex
    Order
    1. Bot LabEat Bot Lab
    Builders
    • Construction Ship1 Con ship
    Army
    • Riptide2 Frigate
    • Orca1 Submarine
    Other
    • Radar Tower1 Radar Tower

    Some games also: missile corvette (49%) · wind (49%) · Guard (48%) · destroyer (44%) · gunboat (39%)

    By 5:00 in all: 8 mex · 6 wind · 1 energy storage · 1 con turret

    The example game in this phase · 25 steps
    1. Construction BotCon bot
    2. Construction ShipCon ship
    3. Mex
    4. Construction ShipCon ship
    5. Mex
    6. HerringMissile corvette
    7. Energy storage
    8. OrcaSubmarinedone 3:43 · typical 4:17
    9. Mex ×2
    10. Naval Radar / Sonar TowerNaval Radar / Sonar Tower
    11. Bot LabEat Bot Labreclaimed for its metal
    12. Wind
    13. HerringMissile corvette
    14. GuardGuard
    15. HerringMissile corvette
    16. Wind
    17. HerringMissile corvette
    18. Wind
    19. HerringMissile corvette
    20. GuardGuard
    21. RiptideFrigatedone 4:45 · typical 4:40
    22. Geothermal PowerplantGeodone 6:13 · typical 8:13
    23. Wind
    24. Construction ShipCon ship ×2
    25. ThistleThistle
  4. 4

    5:00 to 10:00

    Economy
    • Metal Extractor2Mex
    • Wind Turbine8Wind
    • Energy Converter2Converter
    Order
    1. Geothermal PowerplantGeo after 9 mex, 9 wind, 2 converterin 53% of games
    Builders
    • Construction Turret1 Con turret
    • Death Cavalry2 Death Cavalry
    • Construction Ship1 Con ship
    Army
    • Guard1 Guard
    • Riptide5 Frigate
    Other
    • Naval Radar / Sonar Tower2 Naval Radar / Sonar Tower

    Some games also: Thistle (39%) · submarine (32%)

    By 10:00 in all: 10 mex · 15 wind · 1 geo · 4 converter · 1 energy storage · 2 con turret

    The example game in this phase · 161 steps
    1. Wind
    2. RiptideFrigate
    3. Radar TowerRadar Tower
    4. Wind
    5. OppressorDestroyerdone 6:45 · typical 5:54
    6. Dragon's TeethDragon's Teeth ×3
    7. Wind
    8. Dragon's TeethDragon's Teeth ×3
    9. Wind
    10. Dragon's TeethDragon's Teeth ×3
    11. Converter
    12. GuardGuard
    13. Dragon's TeethDragon's Teeth ×3
    14. Converter
    15. Mex
    16. Dragon's TeethDragon's Teeth ×2
    17. Radar TowerRadar Tower
    18. Dragon's TeethDragon's Teeth ×2
    19. Death CavalryDeath Cavalry
    20. Converter
    21. Dragon's TeethDragon's Teeth ×2
    22. Converter
    23. Dragon's TeethDragon's Teeth
    24. Converter
    25. Dragon's TeethDragon's Teeth
    26. Converter
    27. Dragon's TeethDragon's Teeth ×2
    28. RiptideFrigate
    29. ThistleThistle
    30. Converter
    31. Dragon's TeethDragon's Teeth
    32. ThistleThistle
    33. Dragon's TeethDragon's Teeth ×3
    34. RiptideFrigate
    35. Dragon's TeethDragon's Teeth
    36. OppressorDestroyer
    37. Con turret
    38. Naval Construction Turret
    39. Death CavalryDeath Cavalry
    40. Advanced Metal ExtractorT2 mexdone 9:21
    41. RiptideFrigate
    42. Naval Construction Turret
    43. RiptideFrigate
    44. Wind ×2
    45. Naval Construction Turret
    46. Wind
    47. OppressorDestroyer
    48. Naval Construction Turret
    49. Wind
    50. Naval Energy Storage
    51. Converter
    52. Advanced Metal ExtractorT2 mex
    53. Wind
    54. Radar TowerRadar Tower
    55. Advanced Metal ExtractorT2 mex
    56. Wind
    57. Naval Construction Turret
    58. Wind
    59. Naval Construction Turret
    60. Wind
    61. Death CavalryDeath Cavalry
    62. Naval Construction Turret
    63. Converter
    64. RiptideFrigate
    65. Naval Construction Turret
    66. Advanced Metal ExtractorT2 mex
    67. Wind ×2
    68. Tidal
    69. Wind
    70. RiptideFrigate
    71. Tidal ×3
    72. OppressorDestroyer
    73. Tidal ×2
    74. Wind
    75. Tidal
    76. ShipyardShipyarddone 11:42
    77. Converter
    78. Tidal
    79. SupporterGunboat
    80. Death CavalryDeath Cavalry
    81. Tidal
    82. SupporterGunboat
    83. RiptideFrigate
    84. SupporterGunboat
    85. Wind
    86. Tidal ×2
    87. RiptideFrigate
    88. SupporterGunboat
    89. Tidal
    90. Advanced Metal ExtractorT2 mex
    91. Tidal
    92. Wind
    93. Tidal
    94. SupporterGunboat
    95. Tidal
    96. RiptideFrigate
    97. SupporterGunboat
    98. Tidal
    99. SupporterGunboat
    100. RiptideFrigate
    101. Tidal
    102. SupporterGunboat
    103. Tidal
    104. RiptideFrigate
    105. SupporterGunboat
    106. Wind
    107. Tidal ×2
    108. SupporterGunboat
    109. RiptideFrigate
    110. Tidal ×2
    111. Converter
    112. SupporterGunboat
    113. Tidal
    114. RiptideFrigate
    115. Tidal
    116. SupporterGunboat
    117. Tidal
    118. SupporterGunboat
    119. Tidal
    120. RiptideFrigate
    121. Advanced Metal ExtractorT2 mex
    122. Tidal
    123. SupporterGunboat
    124. Con turret
    125. Tidal
    126. Advanced ShipyardAdvanced Shipyarddone 13:31
    127. SupporterGunboat
    128. ShipyardEat Shipyardreclaimed for its metal
    129. RiptideFrigate
    130. Tidal
    131. Wind ×3
    132. Death CavalryDeath Cavalry
    133. Wind
    134. Converter
    135. Tidal
    136. Wind ×2
    137. Con turret
    138. Advanced Construction SubAdvanced Construction Sub
    139. Tidal ×3
    140. Wind ×3
    141. PathfinderPathfinder
    142. Tidal
    143. Wind
    144. Naval Advanced Metal ExtractorNaval Advanced Metal Extractordone 14:08
    145. Converter
    146. PathfinderPathfinder
    147. Tidal
    148. Seaplane PlatformSeaplane Platformdone 14:37
    149. PathfinderPathfinder
    150. Wind ×2
    151. Advanced Geothermal PowerplantAdvanced Geothermal Powerplantnot finished by 15:00
    152. Wind
    153. DespotBattleshipnot finished by 15:00
    154. Converter
    155. Con turret
    156. Wind ×2
    157. Naval Advanced Metal ExtractorNaval Advanced Metal Extractor
    158. Wind ×3
    159. Converter
    160. Wind ×8
    161. Death CavalryDeath Cavalry

Counts are medians over the build's games: half of them build more, half fewer. The example game is _X_'s (41 OS, 12/10/2026); pick another.

Team trades

IN AT LEAST 30% OF ITS GAMES

You hand over

  • Wind Turbine2 Wind to Airfirst at 1:44 · in 72% of games

You get

  • Finch1 Finch from Airfirst at 1:52 · in 82% of games
  • Hercules1 Light transport from Airfirst at 1:59 · in 76% of games
  • Advanced Construction Bot1 T2 con bot from Techfirst at 7:44 · in 90% of games

How it plays out

Typical game of this build, running totals by minute

Metal produced

010k20k30k
0:005:0010:0015:00

metal

Enemy metal destroyed

05k10k
0:005:0010:0015:00

metal

Own metal lost

02.5k5k7.5k
0:005:0010:0015:00

metal

2066 games.

Show as table
ByMetal produced: This buildEnemy metal destroyed: This buildOwn metal lost: This build
1:0039800
2:0092900
3:00155700
4:002865051
5:00406614652
6:005414440232
7:006890905543
8:0085731547908
9:001040824581353
10:001253035282022
11:001507247082804
12:001801760503661
13:002121672254375
14:002477884365224
15:002858596396201
WHAT THE NUMBERS SAY

This is the role's own baseline, winning a bit over half its games with steady eco scaling and sea trades roughly matching losses.

  • + Team wins slightly over half of games played.
  • + Metal production scales from ~4k to ~29.5k by 15:00.
  • − Own metal lost climbs to 6875 by 15:00, matching kills closely.
  • − T2 factory only reached in 40% of games, limiting late power.
THE EXAMPLE YOU ARE READING

_X_

40.7 OS · 12/10/2026

Open source match ↗

2 received units · includes a constructor
1444 metal received · 47565 energy received

Allied construction assistance is unknown. Timings are observations, not a promise of solo reproducibility.

Typical milestones

Bot Lab1:13Middle 50%: 1:07–1:25 · n=2039
Shipyard3:18Middle 50%: 3:02–3:36 · n=2057
Orca4:17Middle 50%: 3:52–5:00 · n=1397
Riptide4:40Middle 50%: 4:09–5:22 · n=2013
Oppressor5:54Middle 50%: 5:11–6:40 · n=1890
Geothermal Powerplant8:13Middle 50%: 7:13–9:26 · n=1343
Advanced Metal Extractor9:25Middle 50%: 8:48–10:21 · n=1801

Played most by

SHOGVN221games of this buildsirniho126games of this buildElpoloow118games of this buildOptimusprimenutt95games of this buildhihimik72games of this build